 Dungeon Crawl Stone Soup version 0.23-a0-730-g0b75920 (webtiles) character file.

149 TheGoonsmith the Chopper (level 5, -10/33 HPs)
             Began as a Gargoyle Gladiator on Jan 17, 2019.
             Killed from afar by Ijyb (11 damage)
             ... with a wand of acid (4)
             ... on level 3 of the Dungeon.
             The game lasted 00:03:33 (2148 turns).

TheGoonsmith the Chopper (Gargoyle Gladiator)       Turns: 2148, Time: 00:03:34

Health: -10/33     AC:  5    Str: 18    XL:     5   Next: 31%
Magic:  5/5        EV:  7    Int:  9    God:
Gold:   45         SH:  3    Dex: 11    Spells: 4/4 levels left

rFire    . . .     SeeInvis .   a - +0 war axe
rCold    . . .     Gourm    .   m - +0 buckler (curse)
rNeg     + . .     Faith    .   k - +0 chain mail
rPois    ∞         Spirit   .   c - +0 helmet
rElec    +         Reflect  .   (no cloak)
rCorr    .         Harm     .   (no gloves)
MR       .....                  (no boots)
Stlth    ..........             (no amulet)
HPRegen  0.11/turn              (no ring)
MPRegen  0.09/turn              (no ring)

@: corroded
A: negative energy resistance 1, electricity resistance, unbreathing,
petrification resistance, rot immunity, AC +4
a: no special abilities


You were on level 3 of the Dungeon.
You were not hungry.

You visited 1 branch of the dungeon, and saw 3 of its levels.

You collected 45 gold pieces.

Inventory:

Hand Weapons
 a - a +0 war axe (weapon)
 b - a +0 hunting sling
 p - a +0 hunting sling
Missiles
 d - 3 throwing nets (quivered)
 i - 16 sling bullets
Armour
 c - a +0 helmet (worn)
 g - a +0 leather armour
 k - a +0 chain mail (worn)
 m - a cursed +0 buckler (worn)
Jewellery
 h - an uncursed ring of positive energy {unknown}
Scrolls
 e - a scroll of enchant weapon {unknown}
 j - a scroll of enchant armour {unknown}
 l - a scroll of identify {unknown}
 n - 2 scrolls of teleportation {unknown}
Comestibles
 f - 4 rations
 o - 2 chunks of flesh


   Skills:
 + Level 3.7 Fighting
 * Level 4.5 Axes
 - Level 1.7 Throwing
 - Level 2.4 Dodging
 + Level 0.5 Shields


You had 4 spell levels left.
You didn't know any spells.
Your spell library was empty.

Dungeon Overview and Level Annotations

Branches:
Dungeon (3/15)

Altars:
Zin

Annotations:
D:3 Ijyb


Innate Abilities, Weirdness & Mutations

You are resistant to torment.
Your stone body is resilient. (AC +4)
You are immune to poison.
You resist negative energy. (rN+)
You are resistant to electric shocks. (rElec)
You can survive without breathing.
You are immune to petrification.
You are immune to rotting.


Message History

Quiver which item? (- for none, * to show all) (? for menu, Esc to quit)
Okay, then.
a - a +0 war axe (weapon)
You aren't carrying any potions.
Okay, then.
You see here an adder corpse.
You hit Ijyb but do no damage. Ijyb hits you but does no damage.
You hit Ijyb but do no damage.
Ijyb zaps a wand.
The bolt of acid hits you! The acid corrodes you!
You are splashed with acid!
The acid burns!
You hit Ijyb but do no damage. Ijyb hits you but does no damage.
You barely miss Ijyb.
Ijyb zaps a wand.
The bolt of acid hits you! The acid corrodes you!
You are splashed with acid!
The acid burns!
* * * LOW HITPOINT WARNING * * *
Ijyb hits you but does no damage.
Unknown command.
The dart slug launches a dart at you. The slug dart misses you.
Ijyb grins evilly.
Ijyb zaps a wand.
The bolt of acid hits you!
You die...

#. #.#..#...#####.
#.##.#.###.## #.##.#.#
#.# #####.##.#.###.#
%......#....##.#####..
#....#..#........[..
.####....##...###.####..
.........).#.## #.#
#.....@......###.####
#......†...#........#
####..g.##...###.##.#
#..w.###### #.# #
.......$. #.. ######...#
### #...# ....# #.#.#


You could see Ijyb and a dart slug.

Vanquished Creatures
  A crimson imp (D:2)
  7 adders
  A dart slug (D:2)
  A leopard gecko (D:2)
  5 orcs (D:2)
  3 giant cockroaches
  3 goblins
  3 hobgoblins
  6 jackals
  4 kobolds
  3 bats
  5 frilled lizards
  3 rats
45 creatures vanquished.

Notes
Turn   | Place    | Note
-------+----------+-------------------------------------------
     0 | D:1      | TheGoonsmith the Gargoyle Gladiator began the quest for the
                  | Orb.
     0 | D:1      | Reached XP level 1. HP: 12/12 MP: 1/1
   441 | D:1      | Reached skill level 3 in Axes
   460 | D:1      | Reached XP level 2. HP: 17/18 MP: 2/2
   984 | D:2      | Reached XP level 3. HP: 22/22 MP: 3/3
  1220 | D:2      | Reached skill level 4 in Axes
  1220 | D:2      | Reached XP level 4. HP: 6/28 MP: 4/4
  1484 | D:2      | Found a glowing silver altar of Zin.
  2016 | D:3      | Reached XP level 5. HP: 29/32 MP: 5/5
  2137 | D:3      | Noticed Ijyb
  2146 | D:3      | HP: 1/33 [acid (12)]
  2148 | D:3      | Killed from afar by Ijyb

Vault maps used:
D:1:      wander_arrival_peaceful_grave
D:2:      zin_academy, serial_glass, glass_columns_a, glass_columns_b
D:3:      tgw_fedhas, gammafunk_temple_overflow_arena, uniq_ijyb, uniq_natasha

Skill      XL: |  1  2  3 |
---------------+----------+-----
Axes           | 3 4 |  4.5
Fighting       | 3 |  3.7
Throwing       | |  1.7
Dodging        | |  2.4
Shields        | |  0.5

Action                   |  1- 3 |  4- 6 || total
-------------------------+-------+-------++-------
Melee: War axe           |   116 |    61 ||   177
  Eat: Chunk             |     1 |     3 ||     4
Armor: Leather armour    |    40 |       ||    40
       Chain mail        |    67 |    42 ||   109
Dodge: Dodged            |   113 |    33 ||   146
Block: Buckler           |       |     1 ||     1

Table legend:
 A = Non-vault XP
 B = Vault XP
 C = Vault XP percentage of total XP
 D = Non-vault monster count
 E = Vault monster count
 F = Vault count percentage of total count
                 A         B        C        D         E       F
            +---------+---------+-------+---------+---------+-------
      Total |     213 |       0 |   0.0 |      45 |       0 |   0.0
            +---------+---------+-------+---------+---------+-------
        D:1 |      22 |       0 |   0.0 |      12 |       0 |   0.0
        D:2 |     133 |       0 |   0.0 |      26 |       0 |   0.0
        D:3 |      58 |       0 |   0.0 |       7 |       0 |   0.0
            +---------+---------+-------+---------+---------+-------
